Cogmind - Beta 14 @@@ ROGUE MODE // 2024.11.16 @ 20:12:42 Player: Shimmyarah Result: Destroyed by QB-V4S(R) with Subdweller Shrapnel Launcher Performance ------------- Evolutions (0) 0 Regions Visited (1) 200 Robots Destroyed (22) 110 Value Destroyed (319) 319 Prototype IDs (0) 0 Alien Tech Used (0) 0 Bonus (0) 0 TOTAL SCORE: 629 Bonus ------- None Cogmind --------- Core Integrity 0/250 Matter 270/300 Energy 100/100 System Corruption 0% Temperature Cool (15) Movement Core (700) Ox13 Location -10/Materials Parts ------- > --- POWER (1) -------- (None) > --- PROPULSION (2) --- (None) > --- UTILITY (2) ------ High-capacity Storage Unit Seismic Detector > --- WEAPON (2) ------- (None) > --- INVENTORY (20) --- Light Treads Light Treads Light Treads Flight Unit Flight Unit Flight Unit Improved Heat Sink High-capacity Matter Pod (0) Signal Interpreter Improved Terrain Scanner Transport Network Coupler Mining Claw Peak State ------------ > --- POWER ------------ Light Ion Engine > --- PROPULSION ------- Aluminum Leg Aluminum Leg > --- UTILITY ---------- Small Storage Unit Seismic Detector > --- WEAPON ----------- EM Pulse Gun EM Pulse Gun > --- INVENTORY -------- Light Ion Engine Light Treads Light Treads Wheel Wheel Compact Wheel Improved Terrain Scanner Medium Laser [Rating: 8] Favorites ----------- Power Light Ion Engine Engine Light Ion Engine Propulsion Wheel Leg Aluminum Leg Wheel Wheel Utility Seismic Detector Device Seismic Detector Storage Small Storage Unit Weapon Beam Cannon Energy Gun EM Pulse Gun Energy Cannon Beam Cannon Launcher Grenade Launcher Build | -11 -10 ------- Run | Yrd Mat Slots Evolved . | . . Power . | . . Propulsion . | . . Utility . | . . Weapon . | . . Parts Attached 9 | 3 6 Power 1 | . 1 Engine 1 | . 1 Core . | . . Reactor . | . . Propulsion 2 | 2 . Treads . | . . Leg . | . . Wheel 2 | 2 . Hover . | . . Flight . | . . Utility 3 | 1 2 Device 1 | 1 . Storage 2 | . 2 Processor . | . . Hackware . | . . Protection . | . . Artifact . | . . Weapon 3 | . 3 Energy Gun . | . . Energy Cannon 2 | . 2 Ballistic Gun . | . . Ballistic Cannon . | . . Launcher 1 | . 1 Special Weapon . | . . Impact Weapon . | . . Slashing Weapon . | . . Piercing Weapon . | . . Special Melee Weapon . | . . Unidentified Prototypes . | . . Parts Lost 7 | . 7 Power 2 | . 2 Propulsion 2 | . 2 Utility . | . . Weapon 3 | . 3 Highest Loss Streak 6 | . 6 To Critical Strikes . | . . Average Slot Usage (%) 98 | . 98 Engine 13 | . 13 Wheel 27 | . 27 Device 14 | . 14 Storage 14 | . 14 Energy Gun 3 | . 3 Energy Cannon 23 | . 23 Peak Build Rating 8 | 8 8 Average Rating 7 | 6 7 On Entrance 6 | 6 7 Naked Turns . | . . Heaviest Build 50 | 13 50 Greatest Support 20 | 20 20 Greatest Overweight (x) 13 | . 13 Average Overweight (x) . | . . Largest Inventory Capacity 20 | 8 20 Average Capacity 12 | 8 13 Most Carried 13 | 8 13 Average Carried 9 | 7 10 Final Capacity 20 | 8 20 Final Carried 12 | 7 12 Class Distribution -------------------- 64% | Mutant 35% | Scavenger-Mutant Dominant Class ---------------- Mutant | -10/Materials Resources | -11 -10 ----------- Run | Yrd Mat Matter Collected 270 | 219 51 Remotely . | . . Salvage Created 534 | 195 339 Parts 55 | 17 38 Haulers Intercepted 1 | . 1 Recyclers Shooed . | . . Parts Field Recycled . | . . Retrieved Matter . | . . Parts Self-Destructed . | . . Prevented . | . . Kills | -11 -10 ------- Run | Yrd Mat Combat Hostiles Destroyed 11 | . 11 Guns 2 | . 2 Cannons 6 | . 6 AOE 2 | . 2 Classes Destroyed 9 | 2 7 Worker 1 | . 1 Tunneler 5 | 5 . Hauler 1 | . 1 Recycler 1 | 1 . Operator 1 | . 1 Watcher 2 | . 2 Swarmer 8 | . 8 Grunt 1 | . 1 Subdweller 2 | . 2 Best Kill Streak 4 | 3 4 Combat Bots Only 4 | . 4 Max Kills in Single Turn 2 | 1 2 Gunslinging . | . . Exploded 1 | . 1 Melee . | . . Uniques/NPCs Destroyed . | . . Combat | -11 -10 -------- Run | Yrd Mat Hostile Shots Fired 64 | . 64 Missed 21 | . 21 Damage Taken 702 | . 702 Core 251 | . 251 Absorbed by Shields . | . . Core Remaining (%) 100 | 100 . Volleys Fired 38 | 12 26 Largest 2 | 2 2 Hottest 120 | 80 120 Shots Fired 74 | 24 50 Gun 28 | 24 4 Cannon 42 | . 42 Launcher 4 | . 4 Special . | . . Kinetic . | . . Thermal 42 | . 42 Explosive 4 | . 4 Electromagnetic 28 | 24 4 Robot Hit Streak 9 | 5 9 Robot Miss Streak 3 | 2 3 Penetration Max . | . . Secondary Targets . | . . Shots Hit Robots 43 | 15 28 Core Hits 25 | 6 19 Critical Kills 1 | . 1 Critical Parts Destroyed . | . . Critical Strikes 1 | . 1 Meltdown 1 | . 1 Melee Attacks . | . . Impact . | . . Slashing . | . . Piercing . | . . Sneak Attacks . | . . Combat Hostiles . | . . Follow-up Attacks . | . . Damage Inflicted 993 | 243 750 Guns 222 | 198 24 Cannons 418 | . 418 Explosions 333 | 45 288 Melee . | . . Ramming 20 | . 20 Kinetic . | . . Thermal 463 | 45 418 Explosive 288 | . 288 Electromagnetic 222 | 198 24 Impact . | . . Slashing . | . . Piercing . | . . Highest Corruption . | . . Average Corruption . | . . Corruption Purged . | . . Corruption Blocked . | . . Overload Shots . | . . Overflow Damage . | . . Projectiles . | . . Explosions . | . . Melee . | . . Knockbacks . | . . Impact . | . . Kinetic . | . . Secondary . | . . Self-Inflicted Damage 34 | . 34 Shots 2 | . 2 Rammed 6 | . 6 Targets Rammed 6 | . 6 Kicked . | . . Crushed . | . . Highest Temperature 280 | 72 280 Average Temperature 78 | 28 94 Received Heat Transfer 69 | . 69 Effects 2 | . 2 Interference 2 | . 2 Siege Activations . | . . Robots Corrupted . | . . Combat Hostiles . | . . Parts Fried 1 | 1 . Impact Corruptions . | . . Robots Melted 1 | . 1 Combat Hostiles 1 | . 1 Parts Melted 3 | . 3 Heat Transferred 938 | 50 888 Parts Sabotaged . | . . Parts Stolen . | . . Parts Stripped . | . . Power Chain Reactions 1 | 1 . Alert | -11 -10 ------- Run | Yrd Mat Peak Influence 378 | 30 378 Initial 19 | . 19 Average 162 | 17 186 Maximum Alert Level 1 | . 1 Low Security (%) 56 | 100 49 Level 1 43 | . 50 Level 2 . | . . Level 3 . | . . Level 4 . | . . Level 5 . | . . High Security . | . . Max Security . | . . Squads Dispatched . | . . Investigation . | . . Extermination . | . . Reinforcement . | . . Assault . | . . Garrison . | . . Intercept . | . . Searches Triggered . | . . Construction Impeded . | . . Haulers Reinforced . | . . Active Scanning Responses . | . . Cargo Convoy Interrupts . | . . Stealth | -11 -10 --------- Run | Yrd Mat Distress Signals 1 | . 1 Communications Jammed . | . . Distress Signals . | . . Times Spotted 23 | . 23 Peak Tracking Total 7 | . 7 Tactical Retreats 4 | . 4 Traps | -11 -10 ------- Run | Yrd Mat Traps Triggered . | . . Indirectly . | . . Trap Hack Attempts . | . . Triggered . | . . Disarmed . | . . Reprogrammed . | . . Reused . | . . Traps Extracted . | . . Installed . | . . Triggered . | . . Machines | -11 -10 ---------- Run | Yrd Mat Machines Disabled 2 | . 2 Max in Single Turn 1 | . 1 Machines Repaired . | . . Machines Dismantled . | . . Machines Sabotaged . | . . Overloaded Fab Kills . | . . Hacking | -11 -10 --------- Run | Yrd Mat Machines Accessed 3 | . 3 Terminals 3 | . 3 Fabricators . | . . Repair Stations . | . . Recycling Units . | . . Scanalyzers . | . . Garrison Access . | . . Total Hacks 7 | . 7 Successful 3 | . 3 Failed 4 | . 4 Catastrophic . | . . Database Lockouts . | . . Manual 7 | . 7 Terminals 7 | . 7 Fabricators . | . . Repair Stations . | . . Recycling Units . | . . Scanalyzers . | . . Garrison Access . | . . Terminal Hacks . | . . Fabricator Hacks . | . . Repair Station Hacks . | . . Recycling Unit Hacks . | . . Scanalyzer . | . . Garrison Access Hacks . | . . Unauthorized Hacks 3 | . 3 Terminals 3 | . 3 Skim 3 | . 3 Fabricators . | . . Repair Stations . | . . Recycling Units . | . . Scanalyzers . | . . Garrison Access . | . . Data Cores Recovered 1 | . 1 Used . | . . Hacking Detections 3 | . 3 Full Trace Events . | . . Feedback Events . | . . Feedback Blocked . | . . Robot Schematics Acquired . | . . Robots Built . | . . Authchips . | . . Time . | . . Total Robot Build Rating . | . . Part Schematics Acquired . | . . Parts Built . | . . Authchips . | . . Time . | . . Total Part Build Rating . | . . Parts Repaired . | . . Time . | . . Parts Recycled . | . . Recycled Matter . | . . Retrieved Matter . | . . Retrieved Components . | . . Parts Scanalyzed . | . . Part Schematics Acquired . | . . Parts Damaged . | . . Bothacking | -11 -10 ------------ Run | Yrd Mat Used RIF Installer . | . . Robots Hacked . | . . Non-combat . | . . Combat . | . . Robot Hacks Applied . | . . Relay Couplers Released . | . . Fabnet Peak Effective % . | . . Robots Rewired . | . . Allies Hacked . | . . Hacks Repelled . | . . Allies | -11 -10 -------- Run | Yrd Mat Total Allies . | . . Largest Group . | . . Highest-Rated Group . | . . Highest-Rated Ally . | . . Total Orders . | . . Ally Attacks . | . . Total Damage . | . . Kills . | . . Allies Corrupted . | . . Allies Melted . | . . Intel | -11 -10 ------- Run | Yrd Mat Robot Analysis Total . | . . Derelict Logs Recovered . | . . Drone Launches . | . . Drone Recoveries . | . . Exploration | -11 -10 ------------- Run | Yrd Mat Turns Passed 852 | 120 732 Spaces Moved 523 | 62 461 Core 1 | . 1 Treads . | . . Legs 51 | 51 . Wheels 471 | 11 460 Hover . | . . Flight . | . . Fastest Speed 80 | 80 80 Average Speed 87 | 112 84 Slowest Speed 700 | 120 700 Overloaded Moves . | . . Propulsion Burnouts . | . . Robots Hopped . | . . Cave-ins Triggered . | . . Exploration Rate (%) 36 | 4 69 Regions Visited 1 Branch Regions . Pre-discovered Areas . | . . Known Exits Taken . | . . Unknown Exits Taken 1 | 1 . Scrap Searched . | . . Spaces Dug . | . . Terrain Destroyed 15 | . 15 Melee . | . . Projectile . | . . AOE 15 | . 15 Terrain Rammed . | . . Walls Destroyed . | . . Machines Disabled . | . . Actions | -11 -10 --------- Run | Yrd Mat Total 849 | 89 760 Wait 244 | . 244 Move 522 | 61 461 Hop . | . . Pick Up 17 | 7 10 Fast Attach 3 | 1 2 Attach 3 | 1 2 Detach . | . . Swap 3 | 1 2 Drop 13 | 6 7 Fire 38 | 12 26 Melee . | . . Ram 6 | . 6 Kick . | . . Crush . | . . Escape Stasis . | . . Rewire . | . . Trap . | . . Miscellaneous . | . . Route ------- -11/Scrapyard -10/Materials (discovered 6 exits: [*Mat x3] / [*Min x2] / [*Sub]) History --------- Turn | Location | Event 4 | -11/Scrapyard | Discovered new exit (range 3) 121 | -11/Scrapyard | Entered Materials 152 | -10/Materials | Discovered new exit (range 5) 334 | -10/Materials | Discovered new exit (range 5) 439 | -10/Materials | Discovered new exit (range 6) 460 | -10/Materials | Discovered new exit (range 6) 484 | -10/Materials | Discovered new exit (range 11) 795 | -10/Materials | Discovered new exit (range 4) 821 | -10/Materials | Derelicts attacked the area 848 | -10/Materials | Core integrity fell below 50% 852 | -10/Materials | Core integrity fell below 20% 853 | -10/Materials | Destroyed by QB-V4S(R) with Subdweller Shrapnel Launcher Last Messages --------------- 00821_ ALERT: Derelict incursion detected, dispatching patrols to target area. 00822_ Beam Cannon destroyed. 00826_ Wheel destroyed. 00828_ T-07 Excavator destroyed. 00832_ U-05 Engineer builds a Wall. 00836_ U-05 Engineer destroyed. 00840_ K-01 Serf destroyed. 00841_ QV-TZ0(R) destroyed. 00841_ Lgt. Ion Engine destroyed. 00843_ YU-Q30(R) affixes Scrap Shield Fragment to Scrap Shield. 00844_ YU-Q30(R) destroyed. 00847_ The unstable cave ceiling collapses. 00847_ Wheel destroyed. 00847_ R-06 Scavenger destroyed. 00847_ Integration Channel disabled. 00849_ Beam Cannon destroyed. 00849_ Grenade Launcher destroyed. 00850_ The unstable cave ceiling collapses. Map ----- +----------------------------------------------------+ | ????????????????????????????????????????????? | | ????????????????????????????????????????????? | | ????????????????????????????????????????????? | | ????????????????????????????????????????????? | | ?????????????????????????????##############?? | | ?????????????????????????????# # #?? | | ?????????????????????????????# # T #?? | | ?????????????????????????????# # #?? | | ?????????????????????????????# + #?? | | ?????????????????????? # =#?? | | ?????????????????? # """ ### | | ??????????????????? # """ + | | ??????????????????? ###### # """ ### | | ???????????????????? ???????# # #?? | | ??????????????????? ?????????# ##########?? | | ?????????????????????????????# #??????????? | | ?????????????????????????????# #??????????# | | ?????????????##############??# #??????????# | | ?????????????# #??# #??????????# | | ?????????????# """ """ #??# ???????????# | | ?????????????# """" """ #??# ##########?# | | ?????????????# #??# # #?# | | ???????????????% #??# # """ #?# | | ???????????????##; #### # """ ### | | ???????????????# u # """ # | | ???????????????# @ #??# # # | | ?????????????### %* ##??# # """ + | | ?????????????#<# # # """ # | | ????########## # # """ # | | ????# # """# # # | | ????# # R % """# ########## | | ????# ## """# #""|"!""## * | | ????# # # # "|"!" ## ! | | ????# // ### = ;;;#### # ## ! | | ????# #?# #; | | ????# /! #?###; ! < | | ????# #???#; % | | ????# #???#; ;;; ####### ## | | ????#######+######; ; # #?????########## | | ???????#^^ ;## #?????########## | | ???????# < % [ #?# #?????+ | | ???????#^ =%*% #?# #?????####+##### | | ????#######+######+###### #?????# # | | ????# # =%=/ ## #?????# # | | ????# """ # %%[ ## /?????# # | | ????# """ # """"""" ## #?????# # | | ????# """ # """"""" ## #?????# # | | ????# # """"""" ## #?????# =[[### | | ????#""" # """"""" ## #?????# =[[#?# | | ????#"R # """""""%## ??????# =[[#?# | +----------------------------------------------------+ Best States ------------- Heat Dissipation 25 Energy Generation 10 Energy Capacity 125 Matter Stores 300 Matter Capacity 300 Sight Range 16 Terrain Scan Density 10 Evasion (%) 55 Item Schematics ----------------- None Robot Schematics ------------------ None Fabricated ------------ Nothing Alien Tech Used ----------------- None Achievements -------------- None Challenges ------------ None Game ------ Seed VisualFlakSpecial Manual? 0 Play Time 00:12:12 Cumulative 48.6 hours Start 2024.11.16 @ 20:03:28 End 2024.11.16 @ 20:12:42 Sessions 1 Manual Loads 0 Difficulty Rogue Special Mode None Game No. 90 Rogue 90 Adventurer 0 Explorer 0 Win Type - Total 0 Types 0/0/0/0/0/0/0/0/0 Lore% 26 Gallery% 30 Achievement% 26 Wizard Run 0 Options --------- Layout 1 ASCII 0 Keyboard 0 Movement Mouse Keybinds 0 Fullscreen 1 Font 32/SmallcapsGlow Map View 55x47 Zoom Use 0% Tactical HUD 1 Map Filters NONE Filters NONE Steam 1 RUN: 5ceafa0e-ce01-4b34-90de-779bb4b5174b